 Dungeon Crawl Stone Soup version 0.21.1-1-g345015f (console) character file.

1666 fly the Vexing (level 9, -1/69 HPs)
             Began as a Formicid Arcane Marksman on May 2, 2018.
             Was a Follower of Okawaru.
             Killed from afar by an orc wizard (11 damage)
             ... with a puff of frost
             ... on level 6 of the Dungeon.
             The game lasted 00:18:20 (8433 turns).

fly the Vexing (Formicid Arcane Marksman)           Turns: 8433, Time: 00:18:21

Health: -1/69      AC:  5    Str: 18    XL:     9   Next: 20%
Magic:  18/18      EV: 15    Int: 14    God:    Okawaru [*.....]
Gold:   240        SH:  0    Dex: 14    Spells: 9/20 levels left

rFire    . . .     SeeInvis +   a - +3 quarterstaff {crush, Str+4}
rCold    . . .     Gourm    .   (no shield)
rNeg     . . .     Faith    .   y - +0 robe
rPois    .         Spirit   .   (helmet unavailable)
rElec    .         Reflect  .   q - +2 cloak {+Inv}
rCorr    .         Harm     .   (no gloves)
MR       .....                  (no boots)
Stlth    +.........             (no amulet)
HPRegen  0.21/turn              (no ring)
MPRegen  0.16/turn              (no ring)

@: no status effects
A: permanent stasis, dig shafts and tunnels, four strong arms, antennae 3
a: Dig, Shaft Self, Heroism, Renounce Religion, Evoke Invisibility


You were on level 6 of the Dungeon.
You worshipped Okawaru.
Okawaru was aware of your devotion.
You were hungry.

You visited 2 branches of the dungeon, and saw 7 of its levels.
You also visited: Sewer.

You collected 240 gold pieces.

Inventory:

Hand Weapons
 a - the +3 quarterstaff of the Imperium (weapon) {crush, Str+4}
   (You found it on level 5 of the Dungeon)

   It inflicts extra damage upon your enemies.
   It affects your strength (+4).
Missiles
 d - a throwing net
 k - 4 javelins
 m - 10 tomahawks (quivered)
Armour
 q - a +2 cloak of invisibility (worn)
 y - a +0 robe (worn)
Wands
 h - a wand of acid (6)
Scrolls
 i - 2 scrolls of remove curse
 n - a scroll of fog
 s - a scroll of enchant armour {unknown}
Potions
 c - a potion of heal wounds {unknown}
 e - 2 potions of agility
 g - 3 potions of flight
 j - a potion of might {unknown}
 o - a potion of brilliance
 p - 2 potions of lignification
 t - a potion of curing
 u - a potion of berserk rage {unknown}
Books
 b - a book of Debilitation

   Spells                             Type                      Level
   a - Corona                         Hexes                        1
   b - Slow                           Hexes                        2
   c - Inner Flame                    Hexes/Fire                   3
   d - Portal Projectile              Hexes/Translocation          3
   e - Cause Fear                     Hexes                        4
   f - Leda's Liquefaction            Hexes/Earth                  4
 l - a book of Misfortune

   Spells                             Type                      Level
   a - Confusing Touch                Hexes                        1
   b - Confuse                        Hexes                        3
   c - Gell's Gravitas                Translocation                3
   d - Petrify                        Transmutation/Earth          4
   e - Metabolic Englaciation         Hexes/Ice                    5
   f - Yara's Violent Unravelling     Hexes/Transmutation          5
Comestibles
 f - 9 rations
 r - 3 chunks of flesh


   Skills:
 + Level 5.7 Fighting
 - Level 2.0 Throwing
 - Level 5.0 Dodging
 - Level 6.0 Spellcasting
 - Level 7.7 Hexes


You had 9 spell levels left.
You knew the following spells:

 Your Spells              Type           Power        Failure   Level  Hunger
c - Corona                Hex            ####...      1%          1    None
f - Cause Fear            Hex            ####......   6%          4    ####...
n - Inner Flame           Hex/Fire       ###.....     10%         3    ###....
s - Slow                  Hex            ####....     1%          2    #......
z - Confusing Touch       Hex            ####..       1%          1    None


Dungeon Overview and Level Annotations

Branches:
Dungeon (6/15)             Temple (1/1) D:5

Altars:
Ashenzari
Dithmenos
Fedhas
Gozag
Kikubaaqudgha
Okawaru
Qazlal
Trog
Uskayaw
Vehumet
Wu Jian
Xom
Yredelemnul
Zin
The Shining One


Innate Abilities, Weirdness & Mutations

You cannot be hasted, slowed, berserked, paralysed or teleported.
You can dig through walls and to a lower floor.
Your four strong arms can wield two-handed weapons with a shield.
You have a pair of large antennae on your head. (SInv)


Message History

An orc comes into view.
The orc shouts!
The orc wizard shouts!
You hit the orc warrior.
The orc warrior is lightly wounded.
The orc warrior hits you with a flail!
* * * LOW HITPOINT WARNING * * *
The orc hits something but does no damage.
The orc warrior closely misses you.
An orc comes into view. It is wielding a hand axe.
The orc warrior closely misses you.
The orc warrior throws a tomahawk.
The tomahawk closely misses you. The orc warrior hits you with a flail!
* * * LOW HITPOINT WARNING * * *
Something hits the plant.
Something hits the plant but does no damage.
The orc hits the plant but does no damage.
You feel better.
The orc wizard gestures at you while chanting.
The puff of frost hits you!
You die...

....##...### #....# #####
♣.....## ##.♣♣.####....
♣.P♣§.♣ #..♣♣...##.... .. ♣♣
♣P§♣#♣##♣♣..♣♣♣....>.. ..♣
♣♣♣§♣.♣(♣.♣.P♣♣###.... ..P♣
♣♣§♣.♣.♣P♣.♣.P.###....
..P.♣♣♣.♣.♣.♣P♣.....♣#......
......♣§♣§♣o♣o♣♣.♣.♣.♣#.#....
#.##..§♣P♣{♣@♣♣.♣♣..♣♣#.#....
........♣o♣P♣♣♣.P♣♣♣♣ #.#....
..P..P.♣{♣P♣.♣P♣..♣ #.#....
........♣o♣♣♣.P♣♣P♣ #.##.##
P......♣.♣♣..♣.P ♣♣ .. ..
###...(♣.♣♣♣..... ## .#
#..'....P♣.♣ .♣P♣Z
'..#....♣.♣§♣♣ § ##
#...{.♣♣♣§♣


You could see an orc warrior, an orc wizard and an orc.

Vanquished Creatures
  The ghost of Tiareth the Magician, a novice DECj (D:6)
  An ice beast (D:5)
  A phantom (D:3)
  An ogre (D:5)
  2 centaurs (D:5)
  The ghost of Tiareth the Conjurer, an amateur DECj (D:3)
  A big kobold (Sewer)
  A bullfrog (D:6)
  A scorpion (D:5)
  A crimson imp (D:5)
  A centaur skeleton (D:5)
  A bullfrog skeleton (D:6)
  4 hounds
  A jelly (D:5)
  3 orc wizards
  3 worker ants
  4 gnolls
  9 adders
  2 river rats
  An ooze (D:1)
  2 adder skeletons (D:4)
  A worm (D:3)
  A dart slug (D:1)
  3 leopard geckos
  14 orcs
  3 ball pythons (D:3)
  10 giant cockroaches
  9 goblins
  3 hobgoblins
  8 jackals
  3 quokkas
  10 bats
  7 frilled lizards
  A jackal skeleton (D:4)
  6 kobolds
  A leopard gecko skeleton (D:5)
  A quokka skeleton (D:4)
  14 rats
137 creatures vanquished.

Vanquished Creatures (others)
  A plant (D:6)
1 creature vanquished.

Grand Total: 138 creatures vanquished

Notes
Turn   | Place    | Note
-------+----------+-------------------------------------------
     0 | D:1      | fly the Formicid Arcane Marksman began the quest for the Orb.
     0 | D:1      | Reached XP level 1. HP: 15/15 MP: 2/2
   592 | D:1      | Reached XP level 2. HP: 17/22 MP: 3/3
  1582 | D:1      | Reached XP level 3. HP: 17/27 MP: 4/4
  2521 | D:2      | Reached XP level 4. HP: 17/34 MP: 5/5
  2877 | D:2      | Learned a level 2 spell: Slow
  3226 | D:3      | Found an ornate altar of the Wu Jian Council.
  3284 | D:3      | Reached XP level 5. HP: 41/41 MP: 8/8
  3689 | D:3      | Found a glowing drain.
  3813 | Sewer    | Entered a sewer
  4116 | Sewer    | Noticed a big kobold
  4279 | Sewer    | Killed a big kobold
  4279 | Sewer    | Reached XP level 6. HP: 36/47 MP: 10/12
  4327 | Sewer    | Found a glowing silver altar of Zin.
  4482 | D:3      | Noticed a phantom
  4702 | D:3      | Killed a phantom
  4702 | D:3      | Reached skill level 5 in Spellcasting
  5208 | D:3      | Reached XP level 7. HP: 40/52 MP: 15/15
  5391 | D:3      | Noticed Tiareth's ghost (amateur DECj)
  5401 | D:3      | Learned a level 3 spell: Inner Flame
  5433 | D:3      | Killed Tiareth's ghost
  5952 | D:3      | Reached skill level 4 in Hexes
  6181 | D:4      | Reached skill level 5 in Hexes
  6941 | D:5      | Entered Level 5 of the Dungeon
  7027 | D:5      | Reached skill level 6 in Hexes
  7027 | D:5      | Reached XP level 8. HP: 50/58 MP: 17/17
  7049 | D:5      | Reached skill level 7 in Hexes
  7415 | D:5      | Learned a level 4 spell: Cause Fear
  7443 | D:5      | Found a staircase to the Ecumenical Temple.
  7472 | Temple   | Entered the Ecumenical Temple
  7671 | Temple   | Became a worshipper of Warmaster Okawaru
  7714 | D:5      | Learned a level 1 spell: Confusing Touch
  7958 | D:5      | Got a bloodstained quarterstaff
  7959 | D:5      | Identified the +3 quarterstaff of the Imperium {crush, Str+4} (You found it on level 5 of the Dungeon)
  7994 | D:6      | Noticed Tiareth's ghost (novice DECj)
  8174 | D:6      | Killed Tiareth's ghost
  8174 | D:6      | Reached * piety under Okawaru
  8174 | D:6      | Reached skill level 5 in Dodging
  8174 | D:6      | Reached XP level 9. HP: 27/67 MP: 16/18
  8312 | D:6      | Reached skill level 5 in Fighting
  8430 | D:6      | HP: 3/69 [orc warrior/flail (9)]
  8433 | D:6      | Killed from afar by an orc wizard

Skill      XL: |  1  2  3  4  5  6  7  8  9 |
---------------+----------------------------+-----
Dodging        | 2 3 5 |  5.0
Fighting       | 2 3 4 5 |  5.7
Spellcasting   | 2 4 5 6 |  6.0
Hexes          | 6 7 |  7.7
Throwing       | |  2.0

Action                   |  1- 3 |  4- 6 |  7- 9 || total
-------------------------+-------+-------+-------++-------
Melee: Unarmed           |   209 |       |     9 ||   218
       Spear             |    19 |   342 |       ||   361
       Hand axe          |       |     7 |   179 ||   186
       Quarterstaff      |       |       |    31 ||    31
Throw: Javelin           |    17 |    25 |     4 ||    46
       Tomahawk          |       |    15 |     2 ||    17
       Throwing net      |       |     6 |       ||     6
 Cast: Slow              |       |     1 |       ||     1
       Confusing Touch   |       |       |     5 ||     5
  Use: Potion            |       |     3 |     2 ||     5
       Scroll            |       |     1 |     8 ||     9
 Stab: Sleeping          |     1 |     2 |     3 ||     6
       Held in net/web   |       |     1 |       ||     1
       Confused          |       |       |     1 ||     1
  Eat: Chunk             |     5 |    10 |    10 ||    25
Armor: Robe              |    54 |    95 |    44 ||   193
Dodge: Dodged            |   182 |   233 |   171 ||   586
